 Dungeon Crawl Stone Soup version 0.26-a0-639-g72c4674329 (webtiles) character file.

Game seed: 6747587523581179217

8251 Apogee the Cleaver (level 11, -9/88 HPs)
             Began as a Demonspawn Berserker on Sept 28, 2020.
             Was a High Priest of Trog.
             Mangled by an orc knight
             ... wielding a +0 war axe
              (13 damage)
             ... on level 9 of the Dungeon.
             The game lasted 00:17:30 (10979 turns).

Apogee the Cleaver (Demonspawn Berserker)          Turns: 10979, Time: 00:17:30

Health: -9/88      AC: 16    Str: 27    XL:     11   Next: 7%
Magic:  11/11      EV: 12    Int:  9    God:    Trog [*****.]
Gold:   350        SH:  5    Dex: 12    Spells: 10/10 levels left

rFire    + . .     SeeInvis .   O - +2 broad axe (flame)
rCold    . . .     Faith    .   D - +0 buckler
rNeg     . . .     Spirit   .   M - +0 chain mail {rF+}
rPois    .         Reflect  .   B - +2 helmet
rElec    .         Harm     .   (no cloak)
rCorr    +         Rampage  .   P - +0 pair of gloves
MR       .....                  (no boots)
Stlth    ..........             (no amulet)
HPRegen  0.24/turn              f - +6 ring of strength
MPRegen  0.12/turn              i - ring of resist corrosion

@: berserk cooldown, slowed, studying Stealth, very slow
A: hooves 1, rugged brown scales 1, demonic guardian 1
a: Berserk, Trog's Hand, Brothers in Arms, Renounce Religion


You were on level 9 of the Dungeon.
You worshipped Trog.
Trog was extremely pleased with you.
You visited 1 branch of the dungeon, and saw 10 of its levels.

You collected 568 gold pieces.
You spent 218 gold pieces at shops.

Inventory:

Hand Weapons
 a - a +0 broad axe of freezing
   (You found it on level 8 of the Dungeon)
 v - a +1 vorpal war axe
   (You took it off an orc warrior on level 7 of the Dungeon)
 O - a +2 broad axe of flaming (weapon)
   (You took it off Maggie on level 8 of the Dungeon)
Missiles
 m - 7 boomerangs
 n - 88 sling bullets
 q - 5 silver javelins
 E - 6 throwing nets (quivered) {!f}
Armour
 A - a +3 ring mail
   (You took it off an orc on level 4 of the Dungeon)
 B - a +2 helmet (worn)
   (You found it on level 4 of the Dungeon)
 D - a +0 buckler (worn)
   (You found it on level 4 of the Dungeon)
 M - a +0 chain mail of fire resistance (worn)
   (You took it off an orc warrior on level 7 of the Dungeon)
 P - a +0 pair of gloves (worn)
   (You found it on level 3 of the Dungeon)
 Q - a +1 cloak of poison resistance
   (You took it off Maurice on level 8 of the Dungeon)
 T - a +0 pair of boots
   (You found it on level 10 of the Dungeon)
Jewellery
 f - a +6 ring of strength (left hand)
   (You found it on level 1 of the Dungeon)
 g - an uncursed ring of magical power {unknown}
   (You found it on level 9 of the Dungeon)
 i - a ring of resist corrosion (right hand)
   (You found it on level 7 of the Dungeon)
Wands
 c - a wand of disintegration (16)
   (You found it on level 5 of the Dungeon)
 d - a wand of iceblast (3)
   (You found it on level 4 of the Dungeon)
 t - a wand of flame (18)
   (You found it on level 5 of the Dungeon)
 u - a wand of paralysis (4)
   (You took it off a goblin on level 3 of the Dungeon)
 x - a wand of acid (10)
   (You found it on level 8 of the Dungeon)
 z - a wand of polymorph (8)
   (You found it on level 8 of the Dungeon)
Scrolls
 l - 4 scrolls of amnesia {unknown}
 o - 5 scrolls of remove curse {@r2}
 p - 5 scrolls of fear
 r - 2 scrolls of fog {unknown}
 w - 2 scrolls of magic mapping {unknown}
 y - 6 scrolls of teleportation {@r4}
 F - 2 scrolls of enchant armour
 G - 2 scrolls of immolation {unknown}
 H - 5 scrolls of enchant weapon
Potions
 b - 2 potions of might
 e - 3 potions of mutation {!q}
 h - 3 potions of lignification {!q}
 j - 6 potions of curing {@q1}
 k - 3 potions of brilliance
 s - 4 potions of flight
 C - 3 potions of stabbing
 I - 3 potions of ambrosia
 J - 2 potions of heal wounds {unknown}
 K - 3 potions of degeneration {unknown}
 L - 2 potions of haste {unknown}
 R - a potion of cancellation {unknown}
 S - a potion of invisibility {unknown}
Books
 N - a manual of Stealth {!d}
   (You found it on level 8 of the Dungeon)


   Skills:
 + Level 8.0 Fighting
 * Level 9.6 Axes
 + Level 7.1 Armour
 + Level 7.0 Dodging
 - Level 5.0 Shields


You had 10 spell levels left.
You didn't know any spells.
Your spell library was empty.

Dungeon Overview and Level Annotations

Branches:
Dungeon (10/15)            Temple (0/1) D:4
   Lair: D:8-11         Orc: D:9-12

Altars:
Ashenzari
Fedhas
Makhleb
Nemelex Xobeh
Trog
Uskayaw
Wu Jian
Xom
Yredelemnul
Zin
The Shining One

Shops:
D:5 !   D:6 !   D:9 *   D:10 *


Innate Abilities, Weirdness & Mutations

You have large cloven feet.
You are partially covered in rugged brown scales. (AC +1, +3% HP)
A weak demonic guardian rushes to your aid.


Message History

Your quasit barely misses the orc knight.
Your quasit claws the orc knight but does no damage.
The orc warrior hits you with a cursed +0 battleaxe!
The orc warrior hits your quasit with a cursed +0 battleaxe!!
Your quasit dies!
The orc knight shouts!
You hit the orc knight. You burn the orc knight.
You kick the orc knight, but do no damage.
You hit the orc warrior but do no damage.
You hear a shout!
The orc knight hits you with a +0 war axe!!
* * * LOW HITPOINT WARNING * * *
An orc wizard comes into view. It is wielding a +2 dagger of flaming.
You barely miss the orc knight. Your kick misses the orc knight.
You closely miss the orc warrior. You closely miss the orc.
The orc knight roars a battlecry!
The orcs go into a battle-frenzy!
The orc warrior hits you but does no damage.
Unknown command.
You hit the orc knight but do no damage.
Your kick misses the orc knight. You slash the orc warrior!
You burn the orc warrior. You closely miss the orc. The orc closely misses you.
The orc knight hits you with a +0 war axe!!
* * * LOW HITPOINT WARNING * * *
Your chain mail prevents you from hitting the orc knight.
You hit the orc. You burn the orc.
You kill the orc!
Trog accepts your kill.
You closely miss the orc warrior.
The orc warrior hits you with a cursed +0 battleaxe!!
* * * LOW HITPOINT WARNING * * *
The orc knight hits you with a +0 war axe.
* * * LOW HITPOINT WARNING * * *
You climb upwards.
You feel a strong urge to attack something.
There is a stone staircase leading down here.
You slice the orc warrior!! You burn the orc warrior.
You kill the orc warrior!
Trog accepts your kill.
You hit the orc knight. You burn the orc knight.
Unknown command.
You hit the orc knight but do no damage.
The orc knight hits you but does no damage.
You closely miss the orc knight.
You kick the orc knight, but do no damage.
You are no longer berserk.
You are exhausted.
You feel yourself slow down.
The orc knight hits you with a +0 war axe!
You die...

#.##.#############...##..#
#..##.
#.##.............##.###..#
#..##. #.###########.......#
#..###..##. #.# #####
#.#####.# #..)....... #.#
#...#####†# #.###.#.##..###
#.# #.........# #....###....#
#.# #.≈._.∩.≈.# #.##..#.##.##
#.#
#...###...#####.##.#.###.####
#.# ##..##..#...@)..##.#.#
#..... #.#
#.##......o.######### ######
#.# #.##.######## ###⌠#⌠###
#.####.##.# ##≈≈≈≈≈≈≈##
#......##.# #⌠≈.....≈⌠#
#..######.# ##≈.[_..≈## #.[#
#.#### #⌠≈.....≈⌠# #..#
#....# ###≈≈§§§≈≈### #..#
####.# #§####§####§#


You could see an orc knight.

Vanquished Creatures
  Harold (D:8)
  Joseph (D:9)
  Maurice (D:8)
  A centaur skeleton (D:10)
  Maggie (D:8)
  3 trolls
  A hornet (D:9)
  2 hippogriffs (D:9)
  Eustachio (D:4)
  Menkaure (D:7)
  A water moccasin (D:9)
  4 orc warriors
  A black bear (D:9)
  4 ice beasts
  A sky beast (D:7)
  2 phantoms
  An ogre (D:5)
  2 necrophages
  3 centaurs
  4 bullfrogs
  5 scorpions
  17 killer bees
  A water moccasin skeleton (D:9)
  3 wights (D:7)
  2 howler monkeys
  7 hounds
  4 jellies
  A bullfrog skeleton (D:5)
  9 orc priests
  An iguana (D:9)
  Terence (D:2)
  9 worker ants
  Natasha (thrice) (D:4)
  5 orc wizards
  Robin (D:3)
  3 worker ant zombies (D:9)
  14 adders
  A shadow imp (D:7)
  2 white imps
  An adder zombie (D:9)
  2 adder skeletons
  6 worms
  2 dart slugs
  8 leopard geckos
  31 orcs
  7 bats
  5 giant cockroaches
  8 hobgoblins
  15 jackals
  6 quokkas
  3 ball pythons
  3 frilled lizards
  14 goblins
  A jackal skeleton (D:8)
  10 kobolds
  A leopard gecko zombie (D:7)
  4 rats
252 creatures vanquished.

Vanquished Creatures (collateral kills)
  An orc warrior (D:6)
  An ice beast (D:5)
  A phantom (D:5)
  A sky beast (D:6)
  A centaur (D:8)
  A bullfrog (D:6)
  2 wights (D:7)
  2 orc wizards
  6 orcs
  A frilled lizard (D:4)
17 creatures vanquished.

Vanquished Creatures (others)
  A phantom (D:8)
  A quokka (D:4)
2 creatures vanquished.

Grand Total: 271 creatures vanquished

Notes
Turn   | Place    | Note
-------+----------+-------------------------------------------
     0 | D:1      | Apogee the Demonspawn Berserker began the quest for the
                  | Orb.
     0 | D:1      | Reached XP level 1. HP: 18/18 MP: 1/1
   351 | D:1      | Gained mutation: You have large cloven feet. [demonic
                  | ancestry]
   351 | D:1      | Reached XP level 2. HP: 18/24 MP: 2/2
  1113 | D:1      | Reached skill level 3 in Axes
  1335 | D:2      | Reached XP level 3. HP: 29/29 MP: 3/3
  1478 | D:2      | Reached ** piety under Trog
  1567 | D:2      | Noticed Terence
  1585 | D:2      | Killed Terence
  1586 | D:2      | Reached XP level 4. HP: 35/35 MP: 4/4
  2456 | D:3      | Noticed Robin
  2496 | D:3      | Killed Robin
  2496 | D:3      | Reached *** piety under Trog
  2496 | D:3      | Gained mutation: A weak demonic guardian rushes to your
                  | aid. [demonic ancestry]
  2496 | D:3      | Reached XP level 5. HP: 42/42 MP: 5/5
  3812 | D:4      | Reached XP level 6. HP: 34/48 MP: 6/6
  3816 | D:4      | Found a staircase to the Ecumenical Temple.
  4140 | D:4      | Reached skill level 4 in Axes
  4229 | D:4      | Noticed Natasha
  4232 | D:4      | Killed Natasha
  4240 | D:4      | Noticed Natasha
  4250 | D:4      | Killed Natasha
  4389 | D:4      | Noticed Natasha
  4398 | D:4      | Killed Natasha
  4581 | D:4      | Noticed Eustachio
  4616 | D:4      | Killed Eustachio
  4616 | D:4      | Reached skill level 1 in Shields
  4616 | D:4      | Gained mutation: You are partially covered in rugged brown
                  | scales. (AC +1, +3% HP) [demonic ancestry]
  4616 | D:4      | Reached XP level 7. HP: 44/56 MP: 7/7
  4857 | D:5      | Entered Level 5 of the Dungeon
  4882 | D:5      | Found Ganetojeh's Distillery.
  5038 | D:5      | Reached **** piety under Trog
  5045 | D:5      | Bought a potion of stabbing for 56 gold pieces
  5045 | D:5      | Bought a potion of curing for 42 gold pieces
  5045 | D:5      | Bought a potion of flight for 42 gold pieces
  5120 | D:5      | Reached skill level 5 in Fighting
  5125 | D:5      | Reached skill level 5 in Axes
  5402 | D:5      | Reached XP level 8. HP: 57/63 MP: 8/8
  5498 | D:5      | Found a blossoming altar of Fedhas.
  5533 | D:5      | Found a glowing golden altar of the Shining One.
  5922 | D:5      | Found a burning altar of Makhleb.
  6157 | D:6      | Reached skill level 6 in Axes
  6170 | D:6      | Found Kyzif's Distillery.
  6229 | D:6      | Bought a potion of lignification for 39 gold pieces
  6497 | D:6      | Reached skill level 5 in Dodging
  6911 | D:7      | Reached skill level 5 in Armour
  6911 | D:7      | Reached XP level 9. HP: 69/71 MP: 9/9
  7246 | D:7      | Reached ***** piety under Trog
  7384 | D:7      | Found a shimmering altar of Xom.
  7456 | D:7      | Reached skill level 7 in Axes
  7710 | D:7      | Noticed Menkaure
  7722 | D:7      | Killed Menkaure
  8409 | D:8      | Noticed Maggie
  8414 | D:8      | Noticed Harold
  8961 | D:8      | Killed Harold
  8961 | D:8      | Reached skill level 8 in Axes
  8961 | D:8      | Reached XP level 10. HP: 53/79 MP: 10/10
  9115 | D:8      | Killed Maggie
  9298 | D:8      | Found a hide-covered altar of Uskayaw.
  9334 | D:8      | Found a glowing silver altar of Zin.
  9338 | D:8      | Found a sparkling altar of Nemelex Xobeh.
  9360 | D:8      | Noticed Maurice
  9365 | D:8      | Killed Maurice
  9443 | D:8      | Found a basalt altar of Yredelemnul.
  9444 | D:8      | Found a shattered altar of Ashenzari.
  9445 | D:8      | Found an ornate altar of the Wu Jian Council.
  9748 | D:9      | Noticed Joseph
  9760 | D:9      | Killed Joseph
  9760 | D:9      | Reached skill level 5 in Shields
 10077 | D:9      | Found Nic Waoh's Profane Products.
 10077 | D:9      | Found a basalt altar of Yredelemnul.
 10103 | D:9      | Reached skill level 9 in Axes
 10668 | D:9      | Found a bloodstained altar of Trog.
 10774 | D:10     | Entered Level 10 of the Dungeon
 10774 | D:10     | Found Gofe's Assorted Antiques.
 10776 | D:10     | Bought a scroll labeled XETSERUWNO for 21 gold pieces
 10776 | D:10     | Bought a bubbling dark potion for 18 gold pieces
 10834 | D:10     | Reached XP level 11. HP: 85/88 MP: 11/11
 10940 | D:10     | Noticed an orc knight
 10975 | D:10     | HP: 5/132 [orc knight/+0 war axe (3)]
 10979 | D:9      | Mangled by an orc knight

Illustrated notes

Levels and vault maps discovered:
D:1:      dpeg_arrival_central, layout_basic
D:2:      layout_basic, uniq_terence
D:3:      layout_basic, uniq_robin
D:4:      layout_basic, minmay_temple_entry_junction, serial_curves,
          eino_curves_02, eino_curves_03, eino_curves_02, eino_curves_01,
          lemuel_old_faithful, uniq_natasha, uniq_eustachio
D:5:      layout_loops_cross, lemuel_round_altar, lemuel_coloured_pillars_altar,
          basic_altar, serial_shops, shop_fountains
D:6:      layout_rooms, serial_shops, nicolae_shop_crystal,
          kennysheep_generic_room_6
D:7:      layout_gridville, kennysheep_mini, uniq_menkaure
D:8:      layout_cave_pools, eat_drink_and_be_merry_uskayaw, minitemple,
          basic_altar, uniq_harold, uniq_maggie, uniq_maurice
D:9:      layout_loops_ring, lightli_temple_of_fire, nicolae_evil_shop,
          uniq_joseph
D:10:     layout_rooms, david_orc_5, serial_shops, shop

Skill      XL: |  1  2  3  4  5  6  7  8  9 10 11 |
---------------+----------------------------------+-----
Armour         | 2 3 4 5 6 7 |  7.1
Dodging        | 2 3 4 5 6 7 |  7.0
Axes           | 3 4 5 6 8 9 |  9.6
Fighting       | 4 5 6 7 8 |  8.0
Shields        | 1 3 4 5 |  5.0

Action                   |  1- 3 |  4- 6 |  7- 9 | 10-12 || total
-------------------------+-------+-------+-------+-------++-------
Melee: Hand axe          |    80 |   268 |   348 |       ||   696
       Kick              |     6 |    67 |   104 |    57 ||   234
       War axe           |       |       |    18 |    30 ||    48
       Broad axe         |       |       |       |   118 ||   118
Throw: Stone             |       |       |     4 |       ||     4
Invok: Berserk           |     4 |     5 |     6 |     4 ||    19
Evoke: Wand              |       |     1 |       |     5 ||     6
  Use: Scroll            |       |       |       |     8 ||     8
 Stab: Paralysed         |       |     6 |       |       ||     6
       Distracted        |       |       |     4 |     1 ||     5
Armor: Animal skin       |    11 |       |       |       ||    11
       Leather armour    |     1 |    23 |       |       ||    24
       Scale mail        |       |    39 |       |       ||    39
       Ring mail         |       |    56 |   120 |       ||   176
       Chain mail        |       |       |     5 |    77 ||    82
Dodge: Dodged            |    49 |   170 |   225 |    97 ||   541
Block: Buckler           |       |       |    43 |    36 ||    79

Table legend: (Time is in decaauts)
 A = Elapsed time spent in this place.
 B = Non-inter-level travel time spent in this place.
 C = Inter-level travel time spent in this place.
 D = Time resting spent in this place.
 E = Time spent auto-exploring this place.
 F = Levels seen in this place.
 G = Mean time per level.
                   A        B        C        D        E       F      G
               +--------+--------+--------+--------+--------+-----+--------+
         Total |  11212 |  10747 |    465 |   2364 |   6358 |  10 | 1121.2 |
       Dungeon |  11212 |  10747 |    465 |   2364 |   6358 |  10 | 1121.2 |
               +--------+--------+--------+--------+--------+-----+--------+

Top non-repeatable levels by time:
     D:7: 2028 daAuts
     D:3: 1586 daAuts
     D:1: 1342 daAuts
     D:5: 1274 daAuts
     D:9: 1122 daAuts
     D:2: 1113 daAuts
     D:4: 949 daAuts
     D:8: 913 daAuts
     D:6: 677 daAuts
    D:10: 203 daAuts
